 Dungeon Crawl Stone Soup version 0.30-a0-360-g447f08457e (webtiles) character file.

Game seed: 8230783437579571629

884 LnG the Covert (level 8, -2/43 HPs)
             Began as a Kobold Summoner on Nov 13, 2022.
             Slain by an iguana (12 damage)
             ... on level 5 of the Dungeon.
             The game lasted 00:08:01 (4681 turns).

LnG the Covert (Kobold Summoner)                    Turns: 4681, Time: 00:08:02

Health: -2/43      AC:  2    Str:  5    XL:     8   Next: 26%
Magic:  11/13      EV: 16    Int: 19    God:
Gold:   328        SH:  0    Dex: 15    Spells: 1/14 levels left

rFire   . . .      SeeInvis .    c - +0 dagger (chaos)
rCold   . . .      Faith    .    (no shield)
rNeg    . . .      Spirit   .    a - +0 robe
rPois   .          Reflect  .    (no helmet)
rElec   .          Harm     .    (no cloak)
rCorr   .          Rampage  .    (no gloves)
Will    .....                    (no boots)
Stlth   +++++.....               n - amulet of magic regeneration
HPRegen 0.27/turn                (no ring)
MPRegen 0.53/turn                (no ring)

@: no status effects
A: small, no large weapons, nightstalker 3
a: no special abilities


You were on level 5 of the Dungeon.
You visited 1 branch of the dungeon, and saw 5 of its levels.

You collected 328 gold pieces.

Inventory:

Hand Weapons
 c - a +0 dagger of chaos (weapon)
Armour
 a - a +0 robe (worn)
Jewellery
 d - a ring of ice
 n - an amulet of magic regeneration (around neck)
 t - a ring of protection from cold
Scrolls
 e - 2 scrolls of fear
 h - 3 scrolls of enchant armour
 l - a scroll of teleportation
 m - a scroll of blinking
 o - a scroll of magic mapping
 p - a scroll of amnesia
 s - a scroll of poison
Potions
 b - a potion of magic
 f - 2 potions of heal wounds
 g - a potion of mutation {unknown}
 i - 2 potions of might {unknown}
 j - a potion of resistance {unknown}
 k - a potion of flight {unknown}
 q - 4 potions of curing {unknown}
 r - a potion of haste {unknown}


   Skills:
 + Level 1.5 Fighting
 + Level 3.2 Short Blades
 * Level 4.7 Dodging
 * Level 9.2 Stealth
 + Level 3.5 Spellcasting
 * Level 5.0 Summonings


You had one spell level left.
You knew the following spells:

 Your Spells              Type           Power      Damage    Failure   Level
a - Summon Small Mammal   Summ           88%        N/A       1%          1
b - Call Imp              Summ           22%        N/A       2%          2
c - Call Canine Familiar  Summ           22%        N/A       5%          3
d - Summon Guardian Gole  Hex/Summ       12%        N/A       16%         3
e - Summon Lightning Spi  Summ/Air       12%        N/A       45%         4

Your spell library contained the following spells:

 Spells                   Type           Power      Damage    Failure   Level
 Shock                    Conj/Air       12%        1d3       14%         1
 Swiftness                Air            3%         N/A       41%         3
 Airstrike                Air            1%         2d(1-17)  82%         4


Dungeon Overview and Level Annotations

Branches:
Dungeon (5/15)
 Temple: D:4-7

Altars:
Wu Jian

Shops:
D:5 *


Innate Abilities, Weirdness & Mutations

You are small and have problems with some larger weapons.
You are completely attuned to the shadows.


Message History

The jelly closely misses you.
You hit the jelly.
You kill the jelly!
You start resting.
HP restored.
h - 3 scrolls of enchant armour (gained 1)
Found 3 stones.
q - 4 black potions (gained 1)
Found a stone staircase leading up.
Found a stone staircase leading up.
There is a stone staircase leading up here.
There is a stone staircase leading up here.
An iguana comes into view.
Found Cestrew's General Store.
The iguana hisses angrily.
The iguana barely misses you.
You hit the iguana but do no damage.
The iguana is poisoned.
The iguana barely misses you.
You barely miss the iguana.
The iguana is lightly wounded.
The iguana bites you!
You hit the iguana but do no damage.
The iguana is lightly wounded.
The iguana closely misses you.
You hit the iguana.
The iguana is moderately wounded.
The iguana closely misses you.
You closely miss the iguana.
The iguana is moderately wounded.
The iguana bites you!
You hit the iguana.
The iguana is moderately wounded.
Casting: Call Canine Familiar (dangerous; 5% risk of failure)
Confirm with . or Enter, or press ? or * to list all spells.
The iguana bites you!
* * * LOW HITPOINT WARNING * * *
You barely miss the iguana.
The iguana is moderately wounded.
The iguana looks more healthy.
The iguana bites you!
You die...

##########
#........#########
#.##.#.......@lh∩.
#.##..^#.#######..
#.###.##.#
#........#
##<......#
#.##.##.# #
#.##....##
#.##.....#
#.##.....# .##


You could see an iguana (ally target) and a friendly hound (summoned).

Vanquished Creatures
  2 ogres
  2 scorpions
  A hound (D:4)
  2 jellies (D:5)
  3 iguanas
  A gnoll (D:2)
  4 adders
  A shadow imp (D:5)
  2 ufetubi
  A dart slug (D:2)
  3 orcs (D:4)
  A ball python (D:1)
  8 endoplasms
  4 giant cockroaches
  7 goblins
  6 hobgoblins
  2 jackals (D:2)
  6 kobolds
  3 quokkas
  4 bats
  2 frilled lizards (D:3)
  2 rats
67 creatures vanquished.

Vanquished Creatures (collateral kills)
  Sigmund (D:2)
  A hound (D:4)
  An orc priest (D:4)
  An orc wizard (D:4)
  3 gnolls (D:2)
  An adder (D:3)
  2 worms
  A dart slug (D:2)
  2 orcs (D:4)
  A goblin (D:1)
  2 hobgoblins (D:1)
  2 jackals (D:1)
  2 ball pythons
  A frilled lizard (D:1)
  2 kobolds (D:1)
23 creatures vanquished.

Grand Total: 90 creatures vanquished

Notes
Turn   | Place    | Note
-------+----------+-------------------------------------------
     0 | D:1      | LnG the Kobold Summoner began the quest for the Orb.
     0 | D:1      | Reached XP level 1. HP: 10/10 MP: 3/3
    99 | D:1      | Found a faded altar of an unknown god.
   185 | D:1      | Reached XP level 2. HP: 15/15 MP: 5/5
   188 | D:1      | Learned a level 2 spell: Call Imp
   233 | D:1      | Reached skill level 3 in Stealth
   478 | D:1      | Reached XP level 3. HP: 19/19 MP: 3/6
   482 | D:1      | Learned a level 3 spell: Call Canine Familiar
  1165 | D:2      | Noticed Sigmund
  1173 | D:2      | Killed Sigmund
  1174 | D:2      | Reached skill level 1 in Short Blades
  1174 | D:2      | Reached skill level 5 in Stealth
  1174 | D:2      | Reached XP level 4. HP: 19/24 MP: 1/8
  1174 | D:2      | Reached XP level 5. HP: 22/28 MP: 1/9
  1178 | D:2      | Learned a level 3 spell: Summon Guardian Golem
  1273 | D:2      | Reached XP level 6. HP: 32/32 MP: 7/10
  1812 | D:2      | Reached skill level 6 in Stealth
  1964 | D:3      | Found an ornate altar of the Wu Jian Council.
  3349 | D:4      | Reached XP level 7. HP: 25/37 MP: 11/11
  3363 | D:4      | Reached skill level 7 in Stealth
  3735 | D:4      | Reached skill level 1 in Fighting
  3850 | D:4      | Reached skill level 8 in Stealth
  4170 | D:5      | Entered Level 5 of the Dungeon
  4230 | D:5      | Reached XP level 8. HP: 43/43 MP: 13/13
  4325 | D:5      | Reached skill level 9 in Stealth
  4325 | D:5      | Reached skill level 5 in Summonings
  4420 | D:5      | Learned a level 4 spell: Summon Lightning Spire
  4672 | D:5      | Found Cestrew's General Store.
  4681 | D:5      | Slain by an iguana

Illustrated notes

Levels and vault maps discovered:
D:1:      lemuel_arrival_rhombus, layout_rooms, ebering_ecumenical_altar_ruins
D:2:      layout_loops_corners, uniq_sigmund
D:3:      layout_loops_corners, nicolae_wu_jian_wuxing_cycle,
          grunt_decor_fettered
D:4:      layout_loops_ring
D:5:      layout_loops_corners, serial_shops, shop, kennysheep_small_spiral,
          serial_park_tiny_pond

Skill      XL: |  1  2  3  4  5  6  7  8 |
---------------+-------------------------+-----
Stealth        | 3 5 6 8 9 |  9.2
Short Blades   | 1 2 3 |  3.2
Dodging        | 3 4 |  4.7
Spellcasting   | 3 |  3.5
Fighting       | 1 |  1.5
Summonings     | 5 |  5.0

Action                   |  1- 3 |  4- 6 |  7- 9 || total
-------------------------+-------+-------+-------++-------
Melee: Dagger            |    72 |   103 |    74 ||   249
       Punch             |       |       |     3 ||     3
 Cast: Summon Small Mamm |     6 |       |       ||     6
       Call Imp          |     6 |     3 |       ||     9
       Call Canine Famil |     1 |     3 |     5 ||     9
  Use: Scroll            |       |     5 |     5 ||    10
 Stab: Sleeping          |     9 |    19 |    12 ||    40
Armor: Robe              |    12 |     9 |     4 ||    25
Dodge: Dodged            |    47 |    60 |    35 ||   142

Table legend: (Time is in decaauts)
 A = Elapsed time spent in this place.
 B = Non-inter-level travel time spent in this place.
 C = Inter-level travel time spent in this place.
 D = Time resting spent in this place.
 E = Time spent auto-exploring this place.
 F = Levels seen in this place.
 G = Mean time per level.
                   A        B        C        D        E       F      G
               +--------+--------+--------+--------+--------+-----+--------+
         Total |   4659 |   4556 |    103 |     71 |   3753 |   5 |  931.8 |
       Dungeon |   4659 |   4556 |    103 |     71 |   3753 |   5 |  931.8 |
               +--------+--------+--------+--------+--------+-----+--------+

Top non-repeatable levels by time:
     D:3: 1231 daAuts
     D:2: 1071 daAuts
     D:4: 972 daAuts
     D:1: 879 daAuts
     D:5: 505 daAuts
